 Dungeon Crawl Stone Soup version 0.22-a0-117-g314b90714a (webtiles) character file.

11839 Ordine the Thaumaturge (level 11, 0/63 HPs)
             Began as a Deep Elf Wizard on Jan 29, 2018.
             Was a Priest of Sif Muna.
             Slain by a shadow (31 damage)
             ... on level 11 of the Dungeon.
             The game lasted 01:01:14 (15183 turns).

Ordine the Thaumaturge (Deep Elf Wizard)           Turns: 15183, Time: 01:01:15

Health: 0/63       AC: 12    Str:  4    XL:     11   Next: 54%
Magic:  23/26      EV: 15    Int: 27    God:    Sif Muna [***...]
Gold:   405        SH:  5    Dex: 13    Spells: 18/28 levels left

rFire    . . .     SeeInvis .   a - +2 short sword (flame)
rCold    . . .     Gourm    .   t - +0 buckler
rNeg     . . .     Faith    .   q - +2 animal skin
rPois    .         Spirit   .   r - +2 helmet
rElec    .         Reflect  .   v - +0 cloak
rCorr    .         Harm     .   g - +0 pair of gloves
MR       +....                  y - +2 pair of boots
Stlth    +++.......             (no amulet)
HPRegen  0.20/turn              (no ring)
MPRegen  0.20/turn              (no ring)

@: very slightly contaminated, invisible
A: no striking features
a: Divine Energy, Channel Magic, Renounce Religion


You were on level 11 of the Dungeon.
You worshipped Sif Muna.
Sif Muna was most pleased with you.
You were not hungry.

You visited 2 branches of the dungeon, and saw 12 of its levels.

You collected 735 gold pieces.
You spent 330 gold pieces at shops.

Inventory:

Hand Weapons
 a - a +2 short sword of flaming (weapon)
 b - a +0 short sword of venom
Armour
 g - a +0 pair of gloves (worn)
 q - a +2 animal skin (worn)
 r - a +2 helmet (worn)
 t - a +0 buckler (worn)
 v - a +0 cloak (worn)
 y - a +2 pair of boots (worn)
Magical Staves
 C - an uncursed staff of summoning
Wands
 j - a wand of acid (13)
 w - a wand of disintegration (27)
Scrolls
 m - 5 scrolls of enchant weapon
 p - 5 scrolls of remove curse
 s - 2 scrolls of teleportation
 u - 2 scrolls of enchant armour
 G - a scroll of fear
Potions
 e - 4 potions of flight
 f - 2 potions of invisibility
 h - 2 potions of lignification
 i - 3 potions of curing
 k - a potion of brilliance
 l - 2 potions of agility
 n - 2 potions of might
 z - a potion of ambrosia
 A - 3 potions of resistance
 B - a potion of berserk rage
 E - 3 potions of haste
Books
 c - a book of Minor Magic

   Spells                             Type                      Level
   a - Magic Dart                     Conjuration                  1
   b - Blink                          Translocation                2
   c - Call Imp                       Summoning                    2
   d - Slow                           Hexes                        2
   e - Conjure Flame                  Conjuration/Fire             3
   f - Mephitic Cloud                 Conjuration/Poison/Air       3
 o - a book of Cantrips

   Spells                             Type                      Level
   a - Confusing Touch                Hexes                        1
   b - Animate Skeleton               Necromancy                   1
   c - Summon Small Mammal            Summoning                    1
   d - Apportation                    Translocation                1
Comestibles
 d - 14 rations


   Skills:
 - Level 5.1 Fighting
 + Level 5.7 Short Blades
 - Level 2.0 Armour
 + Level 6.6 Dodging
 - Level 6.0 Stealth
 - Level 4.0 Shields
 + Level 9.4 Spellcasting
 - Level 7.0 Conjurations
   Level 1.1 Summonings
 + Level 4.3 Translocations
 + Level 5.3 Fire Magic
 + Level 5.3 Air Magic
 + Level 3.6 Poison Magic
 + Level 4.0 Invocations
 + Level 3.9 Evocations


You had 18 spell levels left.
You knew the following spells:

 Your Spells              Type           Power        Failure   Level  Hunger
a - Magic Dart            Conj           ####         1%          1    None
b - Blink                 Tloc           N/A          1%          2    None
c - Conjure Flame         Conj/Fire      #####...     1%          3    None
d - Mephitic Cloud        Conj/Pois/Air  #####...     1%          3    None
e - Apportation           Tloc           #####.       1%          1    None


Dungeon Overview and Level Annotations

Branches:
Dungeon (11/15)            Temple (1/1) D:7            Lair (0/6) D:11
    Orc (0/2) D:9

Altars:
Ashenzari
Cheibriados
Dithmenos
Elyvilon
Fedhas
Gozag
Hepliaklqana
Kikubaaqudgha
Makhleb
Nemelex Xobeh
Okawaru
Qazlal
Ru
Sif Muna
Trog
Uskayaw
Vehumet
Wu Jian
Xom
Yredelemnul
Zin
The Shining One
Lugonu

Shops:
D:7 !}   D:9 *

Annotations:
D:11 Sonja


Message History

Unknown command.
You closely miss the crimson imp.
Your surroundings suddenly seem different. 6 yaks, a bullfrog, an orc, a two-headed ogre and a shadow come into view.
Okay, then.
You fade into invisibility!
You are very lightly contaminated with residual magic.
Found a stone staircase leading up.
The shadow hits you. The shadow misses you.
The shadow slips into darkness.
The shadow flickers and vanishes!
Deactivating autopickup; reactivate with Ctrl-A.
Casting: Blink (safe; 1% risk of failure)
Confirm with . or Enter, or press ? or * to list all spells.
Aiming: Conjure Flame (safe; 1% risk of failure)
Press: ? - help, Dir - move target cursor You see a ghostly outline there, and the spell fizzles.
The shadow strikes at you from the darkness!
You die...

#.Y.Y.Y..#
#.Y.Y..Yo#
####......O.#
...F........#
###........#
#........#
#........#
####.#####
#@.# #..##
#<## .. ..#
#.# #. #.


You could see a two-headed ogre (sleeping), 2 yaks and an orc (wandering).

Vanquished Creatures
  4 two-headed ogres
  3 skeletal warriors
  A hippogriff (D:7)
  A spriggan (D:9)
  8 yaks (D:9)
  Grum (D:10)
  3 hungry ghosts
  A steam dragon (D:9)
  Menkaure (D:7)
  6 orc warriors
  An ice beast (D:7)
  3 sky beasts
  A necrophage (D:7)
  5 ogres
  2 phantoms
  4 wolves (D:10)
  6 centaurs
  A big kobold (D:10)
  8 bullfrogs
  A scorpion (D:5)
  2 water moccasin skeletons
  8 wights
  6 killer bees
  2 crimson imps (D:6)
  3 electric eels (D:9)
  7 hounds
  3 bullfrog zombies
  14 orc priests
  A bullfrog skeleton (D:9)
  3 iguanas
  A jelly (D:6)
  10 orc wizards
  5 worker ants
  Robin (D:2)
  A howler monkey zombie (D:9)
  3 gnolls (D:9)
  13 adders
  A howler monkey skeleton (D:6)
  2 oozes
  2 adder zombies
  3 worms (D:4)
  3 dart slugs
  6 leopard geckos
  39 orcs
  11 bats
  4 giant cockroaches
  13 goblins
  6 hobgoblins
  4 jackals (D:2)
  6 quokkas
  5 frilled lizards
  21 kobolds
  2 leopard gecko skeletons (D:6)
  A leopard gecko zombie (D:5)
  2 quokka zombies
  8 rats
283 creatures vanquished.

Vanquished Creatures (others)
  A scorpion (D:9)
  A hound zombie (D:11)
  An adder zombie (D:9)
3 creatures vanquished.

Grand Total: 286 creatures vanquished

Notes
Turn   | Place    | Note
-------+----------+-------------------------------------------
     0 | D:1      | Ordine the Deep Elf Wizard began the quest for the Orb.
     0 | D:1      | Reached XP level 1. HP: 10/10 MP: 7/7
   323 | D:1      | Reached XP level 2. HP: 10/15 MP: 0/9
   446 | D:1      | Learned a level 2 spell: Blink
  1182 | D:1      | Reached XP level 3. HP: 19/19 MP: 8/11
  1187 | D:1      | Learned a level 3 spell: Conjure Flame
  1191 | D:1      | Learned a level 3 spell: Mephitic Cloud
  1702 | D:2      | Noticed Robin
  1877 | D:2      | Killed Robin
  1877 | D:2      | Reached skill level 5 in Spellcasting
  1877 | D:2      | Reached XP level 4. HP: 24/24 MP: 1/13
  2292 | D:2      | Found a hide-covered altar of Uskayaw.
  2456 | D:2      | Reached skill level 1 in Fire Magic
  2720 | D:3      | Found a burning altar of Makhleb.
  2796 | D:3      | Reached skill level 1 in Air Magic
  2887 | D:3      | Found an opulent altar of Gozag.
  3029 | D:3      | Found a stormy altar of Qazlal.
  3385 | D:4      | Found an iron altar of Okawaru.
  3446 | D:4      | Reached XP level 5. HP: 27/28 MP: 0/14
  3564 | D:4      | Noticed a phantom
  3702 | D:3      | Killed a phantom
  3702 | D:3      | Reached XP level 6. HP: 16/32 MP: 0/16
  4051 | D:4      | Found a sacrificial altar of Ru.
  4422 | D:4      | Reached skill level 1 in Armour
  4794 | D:4      | Found an ancient bone altar of Kikubaaqudgha.
  5017 | D:5      | Entered Level 5 of the Dungeon
  5024 | D:5      | Reached XP level 7. HP: 37/37 MP: 11/17
  5108 | D:5      | Found a radiant altar of Vehumet.
  5114 | D:5      | Found a shattered altar of Ashenzari.
  5136 | D:5      | Reached skill level 1 in Short Blades
  5740 | D:5      | Reached skill level 1 in Fighting
  5740 | D:5      | Reached skill level 6 in Spellcasting
  6376 | D:6      | Reached XP level 8. HP: 43/43 MP: 7/19
  6958 | D:6      | Reached skill level 5 in Stealth
  7090 | D:6      | Reached skill level 1 in Shields
  7221 | D:7      | Noticed Menkaure
  7228 | D:7      | Reached skill level 5 in Conjurations
  7372 | D:7      | Killed Menkaure
  7438 | D:7      | Found Ipropan's Gadget Emporium.
  7550 | D:7      | Found Tuperuh's Distillery.
  7555 | D:7      | Bought a potion of heal wounds for 75 gold pieces
  7555 | D:7      | Bought a potion of resistance for 150 gold pieces
  7555 | D:7      | Bought a potion of berserk rage for 75 gold pieces
  7555 | D:7      | Bought 2 potions of degeneration for 30 gold pieces
  7767 | D:7      | Reached XP level 9. HP: 44/48 MP: 6/21
  7870 | D:7      | Found a staircase to the Ecumenical Temple.
  7909 | Temple   | Entered the Ecumenical Temple
  7923 | Temple   | Became a worshipper of Sif Muna the Loreminder
  8043 | D:7      | Reached skill level 7 in Spellcasting
  8158 | D:7      | Noticed a moth of wrath
  8161 | D:7      | Found a bloodstained altar of Trog.
  8630 | D:8      | Reached skill level 5 in Dodging
  9105 | D:8      | Noticed a two-headed ogre
  9453 | D:8      | Killed a two-headed ogre
  9557 | D:8      | Noticed a two-headed ogre
  9586 | D:8      | Killed a two-headed ogre
  9586 | D:8      | Reached * piety under Sif Muna
  9586 | D:8      | Reached skill level 5 in Fire Magic
  9586 | D:8      | Reached XP level 10. HP: 18/56 MP: 4/23
 10010 | D:8      | Reached skill level 8 in Spellcasting
 10775 | D:8      | Reached skill level 1 in Invocations
 10917 | D:9      | Reached skill level 1 in Evocations
 11094 | D:9      | Found a snail-covered altar of Cheibriados.
 11372 | D:9      | Reached skill level 1 in Poison Magic
 11634 | D:9      | Noticed a two-headed ogre
 11645 | D:9      | Killed a two-headed ogre
 11645 | D:9      | Reached skill level 5 in Air Magic
 11696 | D:9      | Reached ** piety under Sif Muna
 12387 | D:9      | Learned a level 1 spell: Apportation
 12413 | D:9      | Found Tykluoke's Tempting Trifles.
 12502 | D:9      | Reached XP level 11. HP: 62/62 MP: 19/25
 12773 | D:9      | Found a staircase to the Orcish Mines.
 12778 | D:9      | Reached skill level 5 in Short Blades
 12838 | D:10     | Entered Level 10 of the Dungeon
 13275 | D:10     | Noticed a two-headed ogre
 13288 | D:10     | Killed a two-headed ogre
 13288 | D:10     | Reached skill level 5 in Fighting
 13288 | D:10     | Reached skill level 9 in Spellcasting
 13432 | D:10     | Noticed Grum
 13453 | D:10     | Noticed a skeletal warrior
 13749 | D:9      | HP: 3/63 [skeletal warrior/flail of protection (12)]
 13955 | D:10     | Noticed a skeletal warrior
 14197 | D:10     | Noticed a skeletal warrior
 14223 | D:10     | Killed a skeletal warrior
 14384 | D:10     | Noticed a skeletal warrior
 14515 | D:10     | Killed a skeletal warrior
 14699 | D:10     | Killed Grum
 14823 | D:9      | Killed a skeletal warrior
 14823 | D:9      | Reached *** piety under Sif Muna
 15003 | D:11     | Noticed Sonja
 15146 | D:11     | Found a staircase to the Lair.
 15176 | D:11     | Noticed a two-headed ogre
 15183 | D:11     | Slain by a shadow

Vault maps used:
D:1:      dpeg_arrival_leaves_temple_mockup
D:2:      nicolae_overflow_hidden_temple, uniq_robin
D:3:      overflow_temple_1_default, old_standard_altar, grunt_qazlal_sundering,
          first_ration
D:4:      lemuel_round_altar, okawaru_trees_1, nicolae_ru_sacrificial_ziggurat,
          serial_bayou, serial_bayou_crossing, serial_bayou_shore_b,
          serial_bayou_lagoon_b, serial_bayou_pond_b, supply_closet_lemuel
D:5:      grunt_temple_overflow_open
D:7:      tgw_trog, temple_pool_b, serial_shops, shop, kennysheep_little_box,
          uniq_menkaure
D:9:      old_standard_altar, erik_orc_2, grunt_pizzeria, nicolae_alphabet_shops
D:10:     uniq_grum
D:11:     lair_entry_dummy, nicolae_trove_entry_diagonal, david_greed,
          uniq_sonja
Temple:   kb_corrupted_temple

Skill      XL: |  1  2  3  4  5  6  7  8  9 10 11 |
---------------+----------------------------------+-----
Conjurations   | 2 3 4 5 6 7 |  7.0
Stealth        | 3 4 5 6 |  6.0
Dodging        | 3 4 5 6 |  6.6
Spellcasting   | 5 6 7 8 9 |  9.4
Fire Magic     | 1 2 3 4 5 |  5.3
Air Magic      | 1 2 3 4 5 |  5.3
Translocations | 2 3 4 |  4.3
Armour         | 1 2 |  2.0
Short Blades   | 1 3 4 5 |  5.7
Fighting       | 1 2 3 4 5 |  5.1
Shields        | 2 3 4 |  4.0
Invocations    | 2 4 |  4.0
Evocations     | 2 3 |  3.9
Poison Magic   | 2 3 |  3.6
Summonings     | |  1.1

Action                   |  1- 3 |  4- 6 |  7- 9 | 10-12 || total
-------------------------+-------+-------+-------+-------++-------
Melee: Unarmed           |     5 |       |       |       ||     5
       Dagger            |     4 |     3 |       |       ||     7
       Short sword       |       |    16 |    23 |   145 ||   184
 Cast: Magic Dart        |    93 |   169 |   346 |   490 ||  1098
       Mephitic Cloud    |     2 |     5 |    18 |    41 ||    66
       Conjure Flame     |     1 |     2 |    28 |    43 ||    74
       Blink             |       |     3 |    16 |    32 ||    51
  Use: Scroll            |     3 |    10 |     7 |     3 ||    23
       Potion            |       |     2 |     1 |     3 ||     6
 Stab: Confused          |     1 |     1 |       |    10 ||    12
  Eat: Chunk             |     3 |     9 |    12 |    11 ||    35
       Ration            |       |       |     1 |     2 ||     3
Armor: Robe              |     5 |       |       |       ||     5
       Animal skin       |       |    14 |    28 |    65 ||   107
Dodge: Dodged            |    26 |    45 |    58 |   144 ||   273
Block: Buckler           |       |       |       |    53 ||    53

Table legend:
 A = Spawn XP
 B = Non-spawn XP
 C = Spawn XP percentage of total XP
 D = Spawn monster count
 E = Non-spawn monster count
 F = Spawn count percentage of total count
 G = Total turns spent on level
                    A         B        C        D         E        F      G
               +---------+---------+-------+---------+---------+-------+---------
         Total |       0 |   16913 |   0.0 |       0 |     284 |   0.0 | 15183
               +---------+---------+-------+---------+---------+-------+---------
           D:1 |       0 |      42 |   0.0 |       0 |      23 |   0.0 |  1399
           D:2 |       0 |      89 |   0.0 |       0 |      30 |   0.0 |  1169
           D:3 |       0 |     196 |   0.0 |       0 |      18 |   0.0 |  1010
           D:4 |       0 |     376 |   0.0 |       0 |      20 |   0.0 |  1439
           D:5 |       0 |     528 |   0.0 |       0 |      20 |   0.0 |  1293
           D:6 |       0 |     742 |   0.0 |       0 |      21 |   0.0 |   970
           D:7 |       0 |    1316 |   0.0 |       0 |      22 |   0.0 |  1373
           D:8 |       0 |    3173 |   0.0 |       0 |      27 |   0.0 |  2152
           D:9 |       0 |    5809 |   0.0 |       0 |      64 |   0.0 |  2291
          D:10 |       0 |    4283 |   0.0 |       0 |      36 |   0.0 |  1700
          D:11 |       0 |     359 |   0.0 |       0 |       3 |   0.0 |   280
               +---------+---------+-------+---------+---------+-------+---------
